 Dungeon Crawl Stone Soup version 0.27.1-33-g824d729ab1 (webtiles) character file.

Game seed: 16876820157159566409

39 pkoi the Ruffian (level 3, -6/29 HPs)
             Began as a Draconian Gladiator on Nov 30, 2021.
             Killed by divine providence
             ... invoked by an orc priest
              (8 damage)
             ... on level 2 of the Dungeon.
             The game lasted 00:02:02 (2039 turns).

pkoi the Ruffian (Draconian Gladiator)              Turns: 2039, Time: 00:02:03

Health: -6/29      AC:  5    Str: 16    XL:     3   Next: 26%
Magic:  12/12      EV: 13    Int:  9    God:
Gold:   125        SH:  0    Dex: 18    Spells: 2/2 levels left

rFire    . . .     SeeInvis .     - Unarmed
rCold    . . .     Faith    .   (no shield)
rNeg     . . .     Spirit   .   (armour unavailable)
rPois    .         Reflect  .   a - +0 hat
rElec    .         Harm     .   (no cloak)
rCorr    .         Rampage  .   (no gloves)
Will     .....                  (no boots)
Stlth    ++........             p - amulet of regeneration
HPRegen  1.09/turn              j - ring of magical power
MPRegen  0.13/turn              q - +6 ring of dexterity

@: no status effects
A: AC +5, unfitting armour, cold-blooded
a: no special abilities


You were on level 2 of the Dungeon.
You visited 1 branch of the dungeon, and saw 3 of its levels.

You collected 125 gold pieces.

Inventory:

Missiles
 b - 3 throwing nets (quivered)
 i - 7 boomerangs
 m - 10 poisoned darts
Armour
 a - a +0 hat (worn)
Jewellery
 f - an amulet of faith
 j - a ring of magical power (left hand)
 p - an amulet of regeneration (around neck)
 q - a +6 ring of dexterity (right hand)
Wands
 s - a wand of flame (20)
Scrolls
 c - 2 scrolls of enchant weapon {unknown}
 e - a scroll of enchant armour {unknown}
 g - 3 scrolls of identify
 l - a scroll of summoning
 n - a scroll of amnesia {unknown}
 o - a scroll of silence {unknown}
 r - a scroll of noise {unknown}
Potions
 d - 2 potions of flight {unknown}
 h - 2 potions of curing
 k - 2 potions of lignification {unknown}
 t - a potion of heal wounds {unknown}


   Skills:
 - Level 2.1 Fighting
 - Level 1.7 Throwing
 - Level 2.6 Dodging
 + Level 4.4 Unarmed Combat


You had 2 spell levels left.
You didn't know any spells.
Your spell library was empty.

Dungeon Overview and Level Annotations

Branches:
Dungeon (3/15)

Altars:


Innate Abilities, Weirdness & Mutations

Your plain brown scales are hard. (AC +5)
You cannot fit into any form of body armour.
You are cold-blooded and may be slowed by cold attacks.


Message History

There is a stone staircase leading down here.
You start waiting.
Done waiting.
You climb downwards.
There is a stone staircase leading up here.
Unknown command.
The orc misses you.
You punch the orc!
You kill the orc!
The orc wizard points at you and mumbles some strange words.
You are confused.
The orc wizard mumbles some strange words.
The orc wizard flickers and vanishes!
Deactivating autopickup; reactivate with Ctrl-A.
An orc wizard comes into view. It is wielding a +0 dagger.
There is a stone staircase leading up here.
The orc wizard shouts!
The orc priest barely misses you.
You climb upwards.
Reactivating autopickup.
There is a stone staircase leading down here.
You miss the orc priest.
Your tail-slap misses the orc priest.
The orc priest invokes the aid of Beogh against you.
Beogh smites you!
You feel less confused.
The orc priest looks braver for a moment.
The orc priest hits you with a +0 flail!
* * * LOW HITPOINT WARNING * * *
You hit the orc priest.
The orc priest is moderately wounded.
The orc priest closely misses you.
You hit the orc priest.
The orc priest is heavily wounded.
The orc priest hits you with a +0 flail!
* * * LOW HITPOINT WARNING * * *
You punch the orc priest!
The orc priest is almost dead.
The orc priest calls down the wrath of Beogh upon you.
Beogh smites you!
You die...

#.......# #.......#
#.......# #.......#
###### ###..####
#####..... #..#
#######......###
####..###...(........###
#......o>...............
#^.....@.[######......##
##.##.#.#### ##.......
#..##.#.# ##....##
#.###.#.## #.#...#
######.###.#..# #.##...
#.)........##.## #.###.(
#..........##..#
######......
#.........[###.#
#.......###.
#..........# #.#
##.......# ##


You could see an orc priest.

Vanquished Creatures
  A worm (D:2)
  A dart slug (D:2)
  2 orcs
  3 endoplasms
  3 giant cockroaches
  2 goblins
  2 hobgoblins
  3 kobolds
  2 quokkas
  3 bats
  3 frilled lizards
  3 rats (D:1)
28 creatures vanquished.

Notes
Turn   | Place    | Note
-------+----------+-------------------------------------------
     0 | D:1      | pkoi the Draconian Gladiator began the quest for the Orb.
     0 | D:1      | Reached XP level 1. HP: 17/17 MP: 1/1
   278 | D:1      | Reached XP level 2. HP: 22/24 MP: 2/2
  1000 | D:2      | Reached skill level 4 in Unarmed Combat
  1531 | D:2      | Reached XP level 3. HP: 29/29 MP: 3/3
  1694 | D:2      | Found a faded altar of an unknown god.
  1864 | D:3      | Noticed an ogre
  2038 | D:2      | HP: 1/29 [orc priest (10)]
  2039 | D:2      | Killed from afar by an orc priest

Illustrated notes

Levels and vault maps discovered:
D:1:      minmay_arrival_cross, layout_basic
D:2:      layout_rooms, shapermc_ecumenical_altar_flowoftime, minmay_between
D:3:      layout_loops_ring, chequers_serial_rivers_micro_a

Skill      XL: |  1  2 |
---------------+-------+-----
Unarmed Combat | 4 |  4.4
Fighting       | |  2.1
Throwing       | |  1.7
Dodging        | |  2.6

Action                   || total
-------------------------++-------
Melee: Unarmed           ||   114
       Tailslap          ||    14
       Punch             ||     1
  Use: Scroll            ||     2
 Stab: Sleeping          ||     3
Armor: Skin              ||    49
Dodge: Dodged            ||    78
